Map: Prion Terraces

Players

Harstem - Winner!

  • Race: Protoss Protoss

desRow

  • Race: Protoss Protoss

Event: NationWars III

VOD

Have the link to the VOD?

Description

Time

  • Played on: Dec. 10, 2015, 4:33 p.m.
  • Length: 7:02
Show
View Real Time Build Order
Export as new Build Order

Harstem Protoss - Winner!

Build Orders: 1 Gate Expand, Oracle Opening 

Get SALT Encoding   

  12  0:01  Probe (Chrono Boost)  
  13  0:12  Probe (Chrono Boost)  
  14  0:18  Pylon  
  14  0:22  Probe (Chrono Boost)  
  15  0:37  Probe (Chrono Boost), Gateway  
  16  0:47  Probe (Chrono Boost)  
  16  0:48  Assimilator  
  17  0:58  Probe (Chrono Boost)  
  18  1:08  Probe (Chrono Boost)  
  19  1:18  Nexus  
  19  1:29  Cybernetics Core  
  19  1:32  Probe (Chrono Boost)  
  20  1:37  Assimilator  
  20  1:43  Probe (Chrono Boost)  
  21  1:49  Pylon  
  21  1:53  Probe (Chrono Boost)  
  22  2:03  Probe (Chrono Boost)  
  22  2:07  Adept (Chrono Boost), Warp Gate  
  25  2:15  Probe  
  26  2:27  Probe (Chrono Boost)  
  26  2:28  Stargate  
  27  2:30  Probe (Chrono Boost)  
  27  2:35  Stalker (Chrono Boost)  
  30  2:38  Probe  
  30  2:42  Probe  
  32  2:50  Probe  
  33  2:52  Probe  
  34  3:02  Stalker (Chrono Boost)  
  34  3:05  Probe x2  
  37  3:11  Oracle (Chrono Boost)  
  37  3:12  Pylon  
  41  3:17  Probe  
  41  3:18  Probe, Pylon  
  43  3:28  Stalker  
  43  3:29  Probe x2  
  47  3:41  Probe  
  48  3:42  Robotics Facility  
  48  3:43  Gateway  
  48  3:45  Probe  
  49  3:49  Assimilator  
  49  3:55  Probe x2  
  50  3:59  Assimilator  
  51  4:07  Probe  
  51  4:08  Probe  
  51  4:18  Probe  
  51  4:19  Probe  
  53  4:29  Probe  
  53  4:31  Observer (Chrono Boost)  
  56  4:34  Pylon  
  56  4:35  Mothership Core  
  56  4:36  Pylon  
  57  4:38  Gateway  
  57  4:39  Sentry  
  57  4:40  Pylon  
  59  4:49  Phoenix (Chrono Boost)  
  59  4:50  Probe  
  59  4:51  Pylon  
  59  4:52  Immortal  
  66  5:06  Nexus  
  66  5:07  Probe  
  66  5:09  Stalker, Twilight Council  
  66  5:11  Probe  
  70  5:18  Pylon  
  70  5:19  Probe  
  71  5:25  Probe  
  71  5:28  Phoenix (Chrono Boost)  
  74  5:31  Immortal  
  74  5:33  Pylon  
  78  5:43  Sentry, Gateway  
  78  5:45  Gateway  
  80  5:50  Phoenix (Chrono Boost)  
  80  5:57  Adept x2  
  86  6:09  Stalker  
  88  6:13  Probe  
  89  6:19  Forge  
  89  6:20  Pylon  
  89  6:24  Stalker x2  
  93  6:25  Pylon  
  93  6:27  Pylon  
  93  6:28  Probe  
  93  6:31  Phoenix  
  96  6:37  Stalker  
  98  6:49  Stalker x2  
  98  6:50  Stalker x2  
Show
View Real Time Build Order
Export as new Build Order

desRow Protoss 

Build Orders: 1 Gate Expand 

Get SALT Encoding   

  12  0:01  Probe (Chrono Boost)  
  13  0:11  Probe (Chrono Boost)  
  14  0:18  Pylon  
  14  0:22  Probe (Chrono Boost)  
  15  0:36  Gateway, Probe (Chrono Boost)  
  16  0:45  Assimilator  
  16  0:47  Probe (Chrono Boost)  
  17  0:57  Probe (Chrono Boost)  
  18  1:08  Probe (Chrono Boost)  
  19  1:20  Nexus  
  19  1:29  Cybernetics Core  
  19  1:32  Probe (Chrono Boost)  
  20  1:40  Assimilator  
  20  1:43  Probe (Chrono Boost)  
  21  1:48  Pylon  
  21  1:53  Probe (Chrono Boost)  
  22  2:04  Probe (Chrono Boost)  
  22  2:06  Warp Gate  
  22  2:07  Adept (Chrono Boost)  
  25  2:15  Probe  
  26  2:23  Robotics Facility  
  26  2:28  Probe  
  27  2:31  Probe  
  28  2:40  Probe (Chrono Boost)  
  29  2:44  Mothership Core (Chrono Boost)  
  30  2:52  Probe (Chrono Boost), Pylon  
  30  2:54  Stalker  
  33  3:01  Assimilator  
  33  3:02  Probe (Chrono Boost)  
  34  3:09  Probe (Chrono Boost)  
  36  3:13  Probe (Chrono Boost)  
  36  3:19  Probe (Chrono Boost)  
  37  3:26  Robotics Bay  
  37  3:27  Probe (Chrono Boost)  
  37  3:30  Probe (Chrono Boost)  
  39  3:37  Probe (Chrono Boost)  
  39  3:39  Probe (Chrono Boost), Observer (Chrono Boost)  
  39  3:40  Assimilator  
  42  3:49  Probe x2  
  42  3:50  Pylon  
  44  3:58  Warp Prism (Chrono Boost)  
  44  4:00  Probe  
  47  4:05  Probe  
  43  4:19  Probe  
  41  4:26  Probe  
  41  4:29  Disruptor (Chrono Boost)  
  43  4:34  Probe  
  43  4:37  Probe  
  44  4:42  Stalker  
  47  4:46  Probe  
  47  4:49  Probe  
  49  4:58  Probe  
  50  5:00  Probe  
  50  5:05  Disruptor (Chrono Boost)  
  54  5:13  Gateway  
  54  5:16  Gateway  
  54  5:18  Gateway  
  54  5:20  Stalker  
  56  5:26  Probe x2  
  56  5:34  Pylon  
  56  5:40  Pylon  
  55  5:45  Observer (Chrono Boost)  
  55  5:46  Stalker  
  58  5:53  Probe  
  58  5:54  Probe  
  60  5:59  Pylon  
  60  6:11  Stalker x2  
  60  6:12  Stalker  
  60  6:14  Disruptor (Chrono Boost)  
  60  6:16  Stalker  
  71  6:37  Stalker x3  
  77  6:49  Stalker  
  77  6:53  Gateway  
  79  6:56  Gateway  
Tags
 
Add a new tag
Caveats
  • Supply blocks, unpowered buildings, or Contaminate may cause inaccurate times.
  • Supply counts are checked every 10 seconds.